Connexion

Barracuda vs Sound Tigers

Created - 10 octobre 2023 at 06:11

Goals
1 2 3 OT1 SO T
Barracuda 3 1 0 0 2 5
Sound Tigers 2 2 0 0 0 4
Shots
1 2 3 OT1 SO T
Barracuda 12 7 1 0 3 20
Sound Tigers 17 13 11 5 2 46

GoalsPenalties
1st period
1. Barracuda , Andy Welinski 5 (Fredrik Olofsson 8, Nicolas Meloche 15) at 1:53
2. Barracuda , Andrei Altybarmakyan 5 (Graham Knott 5, Alex Dostie 5) at 2:25
3. Sound Tigers , Tyler Pitlick 11 (Rourke Chartier 7, Markus Phillips 9) at 4:20 (PP)
4. Barracuda , Trent Frederic 12 (Scott Harrington 23) at 10:39
5. Sound Tigers , Eric Staal 8 (Joel Armia 8, Jesper Fasth 16) at 19:04 (PP)
Trent Frederic (SAN) for Holding (Minor) at 2:58
Markus Phillips (BRP) for Tripping (Minor) at 12:11
Brent Gates (SAN) for Roughing (Minor) at 18:27
2nd period
6. Sound Tigers , Rourke Chartier 5 (Ashton Sautner 18, Jimmy Vesey 7) at 2:58
7. Sound Tigers , Eric Staal 9 (Ashton Sautner 19, Joel Armia 9) at 8:05
8. Barracuda , Alex Dostie 8 (Andrei Altybarmakyan 3) at 10:54
Nicolas Meloche (SAN) for Holding (Minor) at 5:19
3rd period
No Goal
Alexis D'Aoust (SAN) for Hooking (Minor) at 1:42
Nicolas Meloche (SAN) for Tripping (Minor) at 15:12
Overtime #1
No Goal
Shootout
Barracuda, Adam Cracknell - Stopped by Brandon Bussi
Sound Tigers, Joel Armia - Stopped by Ken Appleby
Barracuda, Trent Frederic - Goal!
Sound Tigers, Jesper Fasth - Stopped by Ken Appleby
Barracuda, Brendan Warren - Goal!
Goalie Stats
Ken Appleby (SAN), 42 saves from 46 shots - (0,913), W, 17-4-5, 65:00 minutes
Brandon Bussi (BRP), 16 saves from 20 shots - (0,800), OTL, 6-6-1, 65:00 minutes
3 StarsOfficial
1 - Eric Staal (BRP)
2 - Alex Dostie (SAN)
3 - Andrei Altybarmakyan (SAN)
Referees : Don Koharski and Bill McCreary
Linesman : Mark Pare and Jean Morin
Game Note
No Game Note
Finance
Level 1 -- Attendance: 873 (43,65%) -- Ticket Income 56 745 $
Level 2 -- Attendance: 348 (34,80%) -- Ticket Income 17 400 $
Total Attendance: 1221 (40,70%)
Total Ticket Income: 74 145 $
Other Income: 14 829 $
Total Income: 88 974 $



Team Name Goals Shots Shots Attemp Shots Blocked PIM HIT PP PK FO%
Barracuda 520601510170 / 1 (0%)252%
Sound Tigers 4467872132 / 5 (40%)048%

Barracuda
Player Name POS G A P +/- PIM HIT SHT SB MP PP MP PP SHT PK MP PK SHT FO% FOT
Adam Cracknell C/LW/RW0001000222:560:4005:03057% 30
Alex DostieC/LW1122001014:510:0000:25050% 14
Alexis D'AoustC/RW000-1201015:011:1900:000100% 1
Anatoly GolyshevLW/RW000000007:220:0000:0000% 1
Andrei AltybarmakyanRW1122003011:470:0000:0000% 0
Andy WelinskiD1010011124:361:1904:2500% 0
Bode WildeD0001001114:270:0000:5800% 0
Brendan WarrenC/LW000-1031119:281:1912:28038% 16
Brent GatesC/LW000-1224017:291:1902:280100% 2
Fredrik OlofssonC/LW011000107:470:0000:0200% 0
Graham KnottC/LW0112001015:590:0001:38050% 4
Jordy BelleriveC000001007:220:0000:00056% 9
Julius BergmanD0001010114:110:0000:0000% 0
Matthew PhillipsC/RW0001002017:530:4000:000100% 3
Nicolas MelocheD0110450425:411:1901:5300% 0
Robert BortuzzoD0001020221:490:4004:0700% 0
Scott HarringtonD0111000324:120:4004:2700% 0
Trent FredericC/LW1011224024:080:4003:50033% 6
Sound Tigers
Player Name POS G A P +/- PIM HIT SHT SB MP PP MP PP SHT PK MP PK SHT FO% FOT
Alexander KhokhlachevC/LW/RW000-3001012:170:0000:0000% 0
Ashton SautnerD022-1003025:415:0921:2000% 0
Christian WolaninD000-1031025:555:0911:0600% 0
Eric StaalC/LW2021005023:444:4610:36051% 35
Jack KopackaLW000000207:000:0000:0000% 1
Jesper FasthLW/RW0111003122:064:4611:23050% 4
Jimmy SchuldtD000-1021216:170:0000:0000% 0
Jimmy VeseyLW/RW011000006:270:0000:0000% 0
Joel ArmiaRW0221026022:064:4601:2300% 4
Markus PhillipsD0110222019:382:4710:0000% 0
Martin PospisilC0000004015:240:0000:00029% 14
Nikita SoshnikovLW/RW0000005019:103:1020:360100% 1
Rourke ChartierC1120003112:303:1000:00064% 11
Ryan MacInnisC000-3012012:170:0000:00060% 15
Trevor Van RiemsdykD0000000020:322:4700:5300% 0
Tyler PitlickC/RW1010015020:413:1010:0000% 1
Valentin ZykovLW/RW000-3002114:190:0000:0000% 0
Zac LeslieD000-1021216:560:0000:3900% 0



Play-by-Play

1st period


0:01 of 1st period - Jesper Fasth wins face-off versus Adam Cracknell in neutral zone.
0:44 of 1st period - Icing by Christian Wolanin.
0:45 of 1st period - Eric Staal wins face-off versus Brendan Warren in Sound Tigers zone.
1:24 of 1st period - Shot by Brent Gates.
1:24 of 1st period - Shot Misses the Net.
1:32 of 1st period - Icing by Brendan Warren.
1:33 of 1st period - Ryan MacInnis wins face-off versus Brendan Warren in Barracuda zone.
1:34 of 1st period - Shot by Jimmy Schuldt.
1:34 of 1st period - Stopped by Ken Appleby without a rebound.
1:35 of 1st period - Alex Dostie wins face-off versus Ryan MacInnis in Barracuda zone.
1:41 of 1st period - Alex Dostie is hit by Jimmy Schuldt and loses puck.
1:47 of 1st period - Icing by Zac Leslie.
1:48 of 1st period - Jordy Bellerive wins face-off versus Ryan MacInnis in Sound Tigers zone.
1:51 of 1st period - Shot by Fredrik Olofsson.
1:51 of 1st period - Shot Misses the Net.
1:53 of 1st period - Shot by Andy Welinski.
1:53 of 1st period - Goal by Andy Welinski - Barracuda : 1 - Sound Tigers : 0.
1:54 of 1st period - Rourke Chartier wins face-off versus Alex Dostie in neutral zone.
2:11 of 1st period - Shot by Rourke Chartier.
2:11 of 1st period - Shot Misses the Net.
2:23 of 1st period - Shot by Graham Knott.
2:23 of 1st period - Stopped by Brandon Bussi with a rebound.
2:25 of 1st period - Shot by Andrei Altybarmakyan.
2:25 of 1st period - Goal by Andrei Altybarmakyan - Barracuda : 2 - Sound Tigers : 0.
2:26 of 1st period - Adam Cracknell wins face-off versus Ryan MacInnis in neutral zone.
2:58 of 1st period - Minor Penalty to Trent Frederic for Holding.
2:59 of 1st period - Eric Staal wins face-off versus Adam Cracknell in Barracuda zone.
3:35 of 1st period - Shot by Christian Wolanin.
3:35 of 1st period - Deflect By Jesper Fasth.
3:35 of 1st period - Stopped by Ken Appleby without a rebound.
3:36 of 1st period - Rourke Chartier wins face-off versus Adam Cracknell in Barracuda zone.
3:41 of 1st period - Shot by Markus Phillips.
3:41 of 1st period - Stopped by Ken Appleby without a rebound.
3:42 of 1st period - Adam Cracknell wins face-off versus Rourke Chartier in Barracuda zone.
4:18 of 1st period - Shot by Rourke Chartier.
4:18 of 1st period - Shot Blocked by Scott Harrington.
4:20 of 1st period - Shot by Tyler Pitlick.
4:20 of 1st period - Goal by Tyler Pitlick - Barracuda : 2 - Sound Tigers : 1.
4:21 of 1st period - Eric Staal wins face-off versus Jordy Bellerive in neutral zone.
4:21 of 1st period - Eric Staal is hit by Jordy Bellerive.
4:27 of 1st period - Shot by Jesper Fasth.
4:27 of 1st period - Shot Misses the Net.
4:29 of 1st period - Shot by Jesper Fasth.
4:29 of 1st period - Stopped by Ken Appleby without a rebound.
4:30 of 1st period - Eric Staal wins face-off versus Alex Dostie in Barracuda zone.
4:37 of 1st period - Shot by Joel Armia.
4:37 of 1st period - Shot Misses the Net.
4:42 of 1st period - Off-side.
4:43 of 1st period - Adam Cracknell wins face-off versus Ryan MacInnis in neutral zone.
5:11 of 1st period - Icing by Scott Harrington.
5:12 of 1st period - Matthew Phillips wins face-off versus Tyler Pitlick in Barracuda zone.
6:18 of 1st period - Shot by Brent Gates.
6:18 of 1st period - Shot Misses the Net.
7:15 of 1st period - Icing by Jimmy Schuldt.
7:16 of 1st period - Jordy Bellerive wins face-off versus Rourke Chartier in Sound Tigers zone.
8:14 of 1st period - Andrei Altybarmakyan is hit by Zac Leslie and loses puck.
8:23 of 1st period - Shot by Andrei Altybarmakyan.
8:23 of 1st period - Stopped by Brandon Bussi without a rebound.
8:24 of 1st period - Adam Cracknell wins face-off versus Eric Staal in Sound Tigers zone.
8:54 of 1st period - Shot by Matthew Phillips.
8:54 of 1st period - Shot Misses the Net.
8:56 of 1st period - Shot by Adam Cracknell .
8:56 of 1st period - Deflect By Matthew Phillips.
8:56 of 1st period - Shot Misses the Net.
8:58 of 1st period - Shot by Trent Frederic.
8:58 of 1st period - Stopped by Brandon Bussi with a rebound.
9:20 of 1st period - Shot by Nikita Soshnikov.
9:20 of 1st period - Deflect By Tyler Pitlick.
9:20 of 1st period - Stopped by Ken Appleby with a rebound.
9:48 of 1st period - Icing by Markus Phillips.
9:49 of 1st period - Brendan Warren wins face-off versus Martin Pospisil in Sound Tigers zone.
10:39 of 1st period - Shot by Trent Frederic.
10:39 of 1st period - Goal by Trent Frederic - Barracuda : 3 - Sound Tigers : 1.
10:40 of 1st period - Eric Staal wins face-off versus Anatoly Golyshev in neutral zone.
10:49 of 1st period - Shot by Jesper Fasth.
10:49 of 1st period - Shot Misses the Net.
10:51 of 1st period - Shot by Joel Armia.
10:51 of 1st period - Stopped by Ken Appleby with a rebound.
10:53 of 1st period - Shot by Zac Leslie.
10:53 of 1st period - Stopped by Ken Appleby without a rebound.
10:54 of 1st period - Rourke Chartier wins face-off versus Trent Frederic in Barracuda zone.
10:55 of 1st period - Shot by Jimmy Vesey.
10:55 of 1st period - Shot Blocked by Adam Cracknell .
10:57 of 1st period - Shot by Jack Kopacka.
10:57 of 1st period - Shot Blocked by Robert Bortuzzo.
11:52 of 1st period - Shot by Joel Armia.
11:52 of 1st period - Stopped by Ken Appleby without a rebound.
11:53 of 1st period - Martin Pospisil wins face-off versus Brendan Warren in Barracuda zone.
12:04 of 1st period - Shot by Martin Pospisil.
12:04 of 1st period - Shot Blocked by Brendan Warren.
12:11 of 1st period - Minor Penalty to Markus Phillips for Tripping.
12:12 of 1st period - Brent Gates wins face-off versus Joel Armia in Sound Tigers zone.
12:28 of 1st period - Shot by Brendan Warren.
12:28 of 1st period - Stopped by Brandon Bussi with a rebound.
12:30 of 1st period - Shot by Brendan Warren.
12:30 of 1st period - Shot Misses the Net.
12:32 of 1st period - Shot by Nicolas Meloche.
12:32 of 1st period - Shot Misses the Net.
13:09 of 1st period - Shot by Adam Cracknell .
13:09 of 1st period - Shot Misses the Net.
13:11 of 1st period - Shot by Matthew Phillips.
13:11 of 1st period - Shot Misses the Net.
13:40 of 1st period - Icing by Brent Gates.
13:41 of 1st period - Brendan Warren wins face-off versus Joel Armia in Barracuda zone.
13:43 of 1st period - Icing by Nicolas Meloche.
13:44 of 1st period - Brendan Warren wins face-off versus Joel Armia in Barracuda zone.
14:13 of 1st period - Shot by Valentin Zykov.
14:13 of 1st period - Shot Misses the Net.
14:35 of 1st period - Bode Wilde is hit by Ryan MacInnis and loses puck.
14:58 of 1st period - Icing by Bode Wilde.
14:59 of 1st period - Alex Dostie wins face-off versus Martin Pospisil in Barracuda zone.
15:38 of 1st period - Off-side.
15:39 of 1st period - Adam Cracknell wins face-off versus Jesper Fasth in neutral zone.
15:52 of 1st period - Shot by Trent Frederic.
15:52 of 1st period - Stopped by Brandon Bussi without a rebound.
15:53 of 1st period - Ryan MacInnis wins face-off versus Brendan Warren in Sound Tigers zone.
16:10 of 1st period - Shot by Alexis D'Aoust.
16:10 of 1st period - Shot Misses the Net.
16:22 of 1st period - Shot by Brent Gates.
16:22 of 1st period - Stopped by Brandon Bussi with a rebound.
16:24 of 1st period - Shot by Brent Gates.
16:24 of 1st period - Shot Misses the Net.
16:49 of 1st period - Eric Staal is hit by Nicolas Meloche and loses puck.
16:52 of 1st period - Shot by Eric Staal.
16:52 of 1st period - Stopped by Ken Appleby without a rebound.
16:53 of 1st period - Adam Cracknell wins face-off versus Martin Pospisil in Barracuda zone.
17:15 of 1st period - Icing by Andy Welinski.
17:16 of 1st period - Trent Frederic wins face-off versus Eric Staal in Barracuda zone.
17:27 of 1st period - Shot by Trent Frederic.
17:27 of 1st period - Shot Misses the Net.
17:29 of 1st period - Shot by Trent Frederic.
17:29 of 1st period - Shot Blocked by Jesper Fasth.
17:53 of 1st period - Shot by Bode Wilde.
17:53 of 1st period - Stopped by Brandon Bussi without a rebound.
17:54 of 1st period - Alexis D'Aoust wins face-off versus Martin Pospisil in Sound Tigers zone.
18:07 of 1st period - Shot by Brent Gates.
18:07 of 1st period - Stopped by Brandon Bussi without a rebound.
18:08 of 1st period - Jordy Bellerive wins face-off versus Ryan MacInnis in Sound Tigers zone.
18:25 of 1st period - Shot by Fredrik Olofsson.
18:25 of 1st period - Stopped by Brandon Bussi without a rebound.
18:26 of 1st period - Eric Staal wins face-off versus Brendan Warren in Sound Tigers zone.
18:26 of 1st period - Eric Staal is hit by Brendan Warren.
18:27 of 1st period - Minor Penalty to Brent Gates for Roughing.
18:28 of 1st period - Adam Cracknell wins face-off versus Eric Staal in Barracuda zone.
18:37 of 1st period - Shot by Ashton Sautner.
18:37 of 1st period - Stopped by Ken Appleby without a rebound.
18:38 of 1st period - Adam Cracknell wins face-off versus Eric Staal in Barracuda zone.
19:02 of 1st period - Shot by Joel Armia.
19:02 of 1st period - Shot Blocked by Andy Welinski.
19:04 of 1st period - Shot by Eric Staal.
19:04 of 1st period - Goal by Eric Staal - Barracuda : 3 - Sound Tigers : 2.
19:05 of 1st period - Brendan Warren wins face-off versus Martin Pospisil in neutral zone.
19:16 of 1st period - Shot by Brent Gates.
19:16 of 1st period - Shot Hit the Post.
19:32 of 1st period - Shot by Martin Pospisil.
19:32 of 1st period - Stopped by Ken Appleby with a rebound.
19:34 of 1st period - Shot by Nikita Soshnikov.
19:34 of 1st period - Stopped by Ken Appleby with a rebound.
19:36 of 1st period - Shot by Tyler Pitlick.
19:36 of 1st period - Shot Blocked by Nicolas Meloche.
19:38 of 1st period - Shot by Nikita Soshnikov.
19:38 of 1st period - Shot Misses the Net.
19:40 of 1st period - Shot by Nikita Soshnikov.
19:40 of 1st period - Shot Blocked by Nicolas Meloche.
19:42 of 1st period - Shot by Nikita Soshnikov.
19:42 of 1st period - Stopped by Ken Appleby without a rebound.
19:43 of 1st period - Eric Staal wins face-off versus Adam Cracknell in Barracuda zone.
19:44 of 1st period - Shot by Joel Armia.
19:44 of 1st period - Stopped by Ken Appleby without a rebound.
19:45 of 1st period - Eric Staal wins face-off versus Adam Cracknell in Barracuda zone.
19:48 of 1st period - Shot by Joel Armia.
19:48 of 1st period - Stopped by Ken Appleby without a rebound.
19:49 of 1st period - Eric Staal wins face-off versus Adam Cracknell in Barracuda zone.
Goals for this period are 3 for Barracuda vs 2 for Sound Tigers.
Shots for this period are 12 for Barracuda vs 17 for Sound Tigers.

2nd period


0:01 of 2nd period - Eric Staal wins face-off versus Trent Frederic in neutral zone.
0:01 of 2nd period - Eric Staal is hit by Trent Frederic.
0:26 of 2nd period - Jesper Fasth is hit by Andy Welinski.
0:38 of 2nd period - Shot by Matthew Phillips.
0:38 of 2nd period - Deflect By Trent Frederic.
0:38 of 2nd period - Shot Misses the Net.
2:30 of 2nd period - Shot by Graham Knott.
2:30 of 2nd period - Shot Misses the Net.
2:46 of 2nd period - Shot by Andrei Altybarmakyan.
2:46 of 2nd period - Stopped by Brandon Bussi without a rebound.
2:47 of 2nd period - Jordy Bellerive wins face-off versus Rourke Chartier in Sound Tigers zone.
2:58 of 2nd period - Shot by Rourke Chartier.
2:58 of 2nd period - Goal by Rourke Chartier - Barracuda : 3 - Sound Tigers : 3.
2:59 of 2nd period - Alex Dostie wins face-off versus Jack Kopacka in neutral zone.
3:01 of 2nd period - Off-side.
3:02 of 2nd period - Alex Dostie wins face-off versus Eric Staal in neutral zone.
3:58 of 2nd period - Icing by Julius Bergman.
3:59 of 2nd period - Ryan MacInnis wins face-off versus Alex Dostie in Barracuda zone.
4:14 of 2nd period - Shot by Ryan MacInnis.
4:14 of 2nd period - Shot Misses the Net.
4:16 of 2nd period - Shot by Markus Phillips.
4:16 of 2nd period - Shot Blocked by Bode Wilde.
4:18 of 2nd period - Shot by Valentin Zykov.
4:18 of 2nd period - Shot Misses the Net.
5:09 of 2nd period - Shot by Tyler Pitlick.
5:09 of 2nd period - Deflect By Martin Pospisil.
5:09 of 2nd period - Stopped by Ken Appleby with a rebound.
5:11 of 2nd period - Shot by Christian Wolanin.
5:11 of 2nd period - Shot Blocked by Julius Bergman.
5:13 of 2nd period - Shot by Tyler Pitlick.
5:13 of 2nd period - Stopped by Ken Appleby without a rebound.
5:14 of 2nd period - Eric Staal wins face-off versus Adam Cracknell in Barracuda zone.
5:19 of 2nd period - Shot by Joel Armia.
5:19 of 2nd period - Stopped by Ken Appleby without a rebound.
5:19 of 2nd period - Minor Penalty to Nicolas Meloche for Holding.
5:20 of 2nd period - Eric Staal wins face-off versus Adam Cracknell in Barracuda zone.
5:29 of 2nd period - Shot by Jesper Fasth.
5:29 of 2nd period - Shot Misses the Net.
6:04 of 2nd period - Icing by Eric Staal.
6:05 of 2nd period - Brendan Warren wins face-off versus Eric Staal in Sound Tigers zone.
6:53 of 2nd period - Shot by Nikita Soshnikov.
6:53 of 2nd period - Stopped by Ken Appleby without a rebound.
6:54 of 2nd period - Adam Cracknell wins face-off versus Rourke Chartier in Barracuda zone.
7:26 of 2nd period - Shot by Alexander Khokhlachev.
7:26 of 2nd period - Stopped by Ken Appleby with a rebound.
7:49 of 2nd period - Shot by Valentin Zykov.
7:49 of 2nd period - Deflect By Ryan MacInnis.
7:49 of 2nd period - Stopped by Ken Appleby without a rebound.
7:50 of 2nd period - Eric Staal wins face-off versus Brendan Warren in Barracuda zone.
8:05 of 2nd period - Shot by Eric Staal.
8:05 of 2nd period - Goal by Eric Staal - Barracuda : 3 - Sound Tigers : 4.
8:06 of 2nd period - Rourke Chartier wins face-off versus Adam Cracknell in neutral zone.
9:00 of 2nd period - Shot by Joel Armia.
9:00 of 2nd period - Shot Misses the Net.
9:22 of 2nd period - Shot by Joel Armia.
9:22 of 2nd period - Stopped by Ken Appleby without a rebound.
9:23 of 2nd period - Martin Pospisil wins face-off versus Jordy Bellerive in Barracuda zone.
10:00 of 2nd period - Shot by Fredrik Olofsson.
10:00 of 2nd period - Shot Misses the Net.
10:34 of 2nd period - Shot by Brent Gates.
10:34 of 2nd period - Stopped by Brandon Bussi with a rebound.
10:54 of 2nd period - Shot by Alex Dostie.
10:54 of 2nd period - Goal by Alex Dostie - Barracuda : 4 - Sound Tigers : 4.
10:55 of 2nd period - Eric Staal wins face-off versus Alex Dostie in neutral zone.
11:15 of 2nd period - Andy Welinski is hit by Joel Armia and loses puck.
11:27 of 2nd period - Off-side.
11:28 of 2nd period - Martin Pospisil wins face-off versus Adam Cracknell in neutral zone.
11:40 of 2nd period - Trent Frederic is hit by Jimmy Schuldt and loses puck.
11:53 of 2nd period - Shot by Matthew Phillips.
11:53 of 2nd period - Stopped by Brandon Bussi with a rebound.
12:28 of 2nd period - Brendan Warren is hit by Christian Wolanin and loses puck.
12:39 of 2nd period - Shot by Brent Gates.
12:39 of 2nd period - Shot Misses the Net.
12:41 of 2nd period - Shot by Alexis D'Aoust.
12:41 of 2nd period - Shot Misses the Net.
12:43 of 2nd period - Shot by Alexis D'Aoust.
12:43 of 2nd period - Stopped by Brandon Bussi without a rebound.
12:44 of 2nd period - Ryan MacInnis wins face-off versus Jordy Bellerive in Sound Tigers zone.
13:16 of 2nd period - Alexander Khokhlachev is hit by Nicolas Meloche and loses puck.
14:35 of 2nd period - Shot by Jimmy Schuldt.
14:35 of 2nd period - Shot Misses the Net.
14:38 of 2nd period - Icing by Robert Bortuzzo.
14:39 of 2nd period - Rourke Chartier wins face-off versus Adam Cracknell in Barracuda zone.
14:44 of 2nd period - Shot by Jack Kopacka.
14:44 of 2nd period - Shot Blocked by Scott Harrington.
14:46 of 2nd period - Shot by Jack Kopacka.
14:46 of 2nd period - Stopped by Ken Appleby without a rebound.
14:47 of 2nd period - Ryan MacInnis wins face-off versus Brendan Warren in Barracuda zone.
14:56 of 2nd period - Shot by Valentin Zykov.
14:56 of 2nd period - Stopped by Ken Appleby without a rebound.
14:57 of 2nd period - Nikita Soshnikov wins face-off versus Alex Dostie in Barracuda zone.
14:57 of 2nd period - Tyler Pitlick is hit by Nicolas Meloche and loses puck.
15:13 of 2nd period - Nikita Soshnikov is hit by Nicolas Meloche and loses puck.
15:44 of 2nd period - Trevor Van Riemsdyk is hit by Nicolas Meloche and loses puck.
16:03 of 2nd period - Shot by Jesper Fasth.
16:03 of 2nd period - Stopped by Ken Appleby without a rebound.
16:04 of 2nd period - Ryan MacInnis wins face-off versus Brendan Warren in Barracuda zone.
16:13 of 2nd period - Ryan MacInnis is hit by Brendan Warren and loses puck.
16:26 of 2nd period - Shot by Alexis D'Aoust.
16:26 of 2nd period - Shot Misses the Net.
16:28 of 2nd period - Shot by Robert Bortuzzo.
16:28 of 2nd period - Shot Misses the Net.
16:30 of 2nd period - Shot by Scott Harrington.
16:30 of 2nd period - Shot Blocked by Zac Leslie.
16:32 of 2nd period - Shot by Brent Gates.
16:32 of 2nd period - Stopped by Brandon Bussi without a rebound.
16:33 of 2nd period - Adam Cracknell wins face-off versus Eric Staal in Sound Tigers zone.
16:33 of 2nd period - Adam Cracknell is hit by Christian Wolanin.
16:39 of 2nd period - Shot by Trent Frederic.
16:39 of 2nd period - Stopped by Brandon Bussi without a rebound.
16:40 of 2nd period - Matthew Phillips wins face-off versus Eric Staal in Sound Tigers zone.
16:41 of 2nd period - Shot by Adam Cracknell .
16:41 of 2nd period - Shot Misses the Net.
18:48 of 2nd period - Shot by Anatoly Golyshev.
18:48 of 2nd period - Shot Misses the Net.
18:50 of 2nd period - Shot by Fredrik Olofsson.
18:50 of 2nd period - Shot Blocked by Jimmy Schuldt.
18:52 of 2nd period - Shot by Jordy Bellerive.
18:52 of 2nd period - Shot Misses the Net.
18:54 of 2nd period - Shot by Anatoly Golyshev.
18:54 of 2nd period - Shot Misses the Net.
18:58 of 2nd period - Shot by Fredrik Olofsson.
18:58 of 2nd period - Shot Misses the Net.
19:00 of 2nd period - Shot by Jordy Bellerive.
19:00 of 2nd period - Shot Misses the Net.
19:51 of 2nd period - Icing by Graham Knott.
19:52 of 2nd period - Rourke Chartier wins face-off versus Alex Dostie in Barracuda zone.
19:55 of 2nd period - Shot by Jack Kopacka.
19:55 of 2nd period - Stopped by Ken Appleby without a rebound.
19:56 of 2nd period - Adam Cracknell wins face-off versus Martin Pospisil in Barracuda zone.
Goals for this period are 1 for Barracuda vs 2 for Sound Tigers.
Shots for this period are 7 for Barracuda vs 13 for Sound Tigers.

3rd period


0:01 of 3rd period - Eric Staal wins face-off versus Trent Frederic in neutral zone.
0:22 of 3rd period - Shot by Ashton Sautner.
0:22 of 3rd period - Stopped by Ken Appleby with a rebound.
0:36 of 3rd period - Icing by Andy Welinski.
0:37 of 3rd period - Adam Cracknell wins face-off versus Martin Pospisil in Barracuda zone.
0:45 of 3rd period - Matthew Phillips is hit by Markus Phillips.
1:16 of 3rd period - Markus Phillips is hit by Robert Bortuzzo and loses puck.
1:42 of 3rd period - Minor Penalty to Alexis D'Aoust for Hooking.
1:43 of 3rd period - Adam Cracknell wins face-off versus Eric Staal in Barracuda zone.
1:52 of 3rd period - Shot by Ashton Sautner.
1:52 of 3rd period - Shot Blocked by Nicolas Meloche.
2:06 of 3rd period - Shot by Ashton Sautner.
2:06 of 3rd period - Stopped by Ken Appleby with a rebound.
2:08 of 3rd period - Shot by Ashton Sautner.
2:08 of 3rd period - Shot Misses the Net.
2:10 of 3rd period - Shot by Joel Armia.
2:10 of 3rd period - Shot Misses the Net.
2:12 of 3rd period - Shot by Christian Wolanin.
2:12 of 3rd period - Stopped by Ken Appleby without a rebound.
2:13 of 3rd period - Adam Cracknell wins face-off versus Eric Staal in Barracuda zone.
2:43 of 3rd period - Icing by Joel Armia.
2:44 of 3rd period - Adam Cracknell wins face-off versus Eric Staal in Sound Tigers zone.
5:05 of 3rd period - Icing by Tyler Pitlick.
5:06 of 3rd period - Martin Pospisil wins face-off versus Brendan Warren in Sound Tigers zone.
5:06 of 3rd period - Martin Pospisil is hit by Brent Gates.
5:16 of 3rd period - Markus Phillips is hit by Brent Gates and loses puck.
5:44 of 3rd period - Shot by Alexis D'Aoust.
5:44 of 3rd period - Shot Misses the Net.
6:09 of 3rd period - Matthew Phillips is hit by Zac Leslie and loses puck.
6:24 of 3rd period - Shot by Matthew Phillips.
6:24 of 3rd period - Stopped by Brandon Bussi without a rebound.
6:25 of 3rd period - Alex Dostie wins face-off versus Joel Armia in Sound Tigers zone.
7:07 of 3rd period - Alex Dostie is hit by Christian Wolanin and loses puck.
7:54 of 3rd period - Icing by Nicolas Meloche.
7:55 of 3rd period - Ryan MacInnis wins face-off versus Adam Cracknell in Barracuda zone.
8:04 of 3rd period - Shot by Ryan MacInnis.
8:04 of 3rd period - Stopped by Ken Appleby without a rebound.
8:05 of 3rd period - Brent Gates wins face-off versus Martin Pospisil in Barracuda zone.
8:13 of 3rd period - Off-side.
8:14 of 3rd period - Ryan MacInnis wins face-off versus Trent Frederic in neutral zone.
8:22 of 3rd period - Icing by Adam Cracknell .
8:23 of 3rd period - Adam Cracknell wins face-off versus Eric Staal in Barracuda zone.
9:08 of 3rd period - Icing by Markus Phillips.
9:09 of 3rd period - Jesper Fasth wins face-off versus Brendan Warren in Sound Tigers zone.
9:29 of 3rd period - Martin Pospisil is hit by Robert Bortuzzo and loses puck.
9:38 of 3rd period - Shot by Martin Pospisil.
9:38 of 3rd period - Stopped by Ken Appleby without a rebound.
9:39 of 3rd period - Ryan MacInnis wins face-off versus Jordy Bellerive in Barracuda zone.
9:42 of 3rd period - Shot by Alexander Khokhlachev.
9:42 of 3rd period - Shot Misses the Net.
10:03 of 3rd period - Shot by Anatoly Golyshev.
10:03 of 3rd period - Shot Misses the Net.
10:05 of 3rd period - Shot by Fredrik Olofsson.
10:05 of 3rd period - Shot Misses the Net.
10:07 of 3rd period - Shot by Julius Bergman.
10:07 of 3rd period - Shot Blocked by Zac Leslie.
10:09 of 3rd period - Shot by Fredrik Olofsson.
10:09 of 3rd period - Shot Blocked by Jimmy Schuldt.
10:15 of 3rd period - Shot by Fredrik Olofsson.
10:15 of 3rd period - Deflect By Jordy Bellerive.
10:15 of 3rd period - Shot Blocked by Valentin Zykov.
10:43 of 3rd period - Shot by Adam Cracknell .
10:43 of 3rd period - Shot Misses the Net.
11:44 of 3rd period - Brent Gates is hit by Markus Phillips and loses puck.
12:24 of 3rd period - Off-side.
12:25 of 3rd period - Jordy Bellerive wins face-off versus Ryan MacInnis in neutral zone.
13:32 of 3rd period - Shot by Jimmy Vesey.
13:32 of 3rd period - Shot Blocked by Adam Cracknell .
14:14 of 3rd period - Shot by Markus Phillips.
14:14 of 3rd period - Stopped by Ken Appleby without a rebound.
14:15 of 3rd period - Brendan Warren wins face-off versus Martin Pospisil in Barracuda zone.
14:44 of 3rd period - Shot by Markus Phillips.
14:44 of 3rd period - Shot Misses the Net.
14:46 of 3rd period - Shot by Nikita Soshnikov.
14:46 of 3rd period - Stopped by Ken Appleby with a rebound.
14:50 of 3rd period - Shot by Martin Pospisil.
14:50 of 3rd period - Deflect By Tyler Pitlick.
14:50 of 3rd period - Stopped by Ken Appleby without a rebound.
14:51 of 3rd period - Eric Staal wins face-off versus Alex Dostie in Barracuda zone.
14:55 of 3rd period - Icing by Andrei Altybarmakyan.
14:56 of 3rd period - Alex Dostie wins face-off versus Eric Staal in Barracuda zone.
14:56 of 3rd period - Andy Welinski is hit by Joel Armia and loses puck.
15:11 of 3rd period - Shot by Joel Armia.
15:11 of 3rd period - Shot Blocked by Nicolas Meloche.
15:12 of 3rd period - Minor Penalty to Nicolas Meloche for Tripping.
15:13 of 3rd period - Rourke Chartier wins face-off versus Adam Cracknell in Barracuda zone.
15:36 of 3rd period - Shot by Nikita Soshnikov.
15:36 of 3rd period - Stopped by Ken Appleby without a rebound.
15:37 of 3rd period - Adam Cracknell wins face-off versus Jesper Fasth in Barracuda zone.
16:12 of 3rd period - Eric Staal is hit by Brendan Warren and loses puck.
16:34 of 3rd period - Robert Bortuzzo is hit by Tyler Pitlick and loses puck.
16:47 of 3rd period - Shot by Christian Wolanin.
16:47 of 3rd period - Shot Blocked by Robert Bortuzzo.
19:17 of 3rd period - Off-side.
19:18 of 3rd period - Matthew Phillips wins face-off versus Martin Pospisil in neutral zone.
19:28 of 3rd period - Zac Leslie is hit by Trent Frederic and loses puck.
19:32 of 3rd period - Jimmy Schuldt is hit by Julius Bergman and loses puck.
19:41 of 3rd period - Shot by Nikita Soshnikov.
19:41 of 3rd period - Shot Hit the Post.
19:43 of 3rd period - Shot by Tyler Pitlick.
19:43 of 3rd period - Stopped by Ken Appleby with a rebound.
19:45 of 3rd period - Shot by Tyler Pitlick.
19:45 of 3rd period - Deflect By Martin Pospisil.
19:45 of 3rd period - Stopped by Ken Appleby without a rebound.
19:46 of 3rd period - Alex Dostie wins face-off versus Eric Staal in Barracuda zone.
Goals for this period are 0 for Barracuda vs 0 for Sound Tigers.
Shots for this period are 1 for Barracuda vs 11 for Sound Tigers.

Overtime #1


0:01 of 1st overtime period - Graham Knott wins face-off versus Eric Staal in neutral zone.
0:28 of 1st overtime period - Shot by Eric Staal.
0:28 of 1st overtime period - Shot Misses the Net.
1:10 of 1st overtime period - Shot by Trent Frederic.
1:10 of 1st overtime period - Shot Misses the Net.
1:34 of 1st overtime period - Shot by Brendan Warren.
1:34 of 1st overtime period - Shot Misses the Net.
1:49 of 1st overtime period - Icing by Fredrik Olofsson.
1:50 of 1st overtime period - Eric Staal wins face-off versus Graham Knott in Barracuda zone.
1:57 of 1st overtime period - Shot by Eric Staal.
1:57 of 1st overtime period - Stopped by Ken Appleby with a rebound.
1:59 of 1st overtime period - Shot by Eric Staal.
1:59 of 1st overtime period - Stopped by Ken Appleby with a rebound.
2:01 of 1st overtime period - Shot by Rourke Chartier.
2:01 of 1st overtime period - Stopped by Ken Appleby without a rebound.
2:02 of 1st overtime period - Trent Frederic wins face-off versus Eric Staal in Barracuda zone.
2:09 of 1st overtime period - Shot by Trent Frederic.
2:09 of 1st overtime period - Shot Blocked by Rourke Chartier.
2:58 of 1st overtime period - Shot by Valentin Zykov.
2:58 of 1st overtime period - Stopped by Ken Appleby without a rebound.
2:59 of 1st overtime period - Graham Knott wins face-off versus Eric Staal in Barracuda zone.
3:03 of 1st overtime period - Icing by Scott Harrington.
3:04 of 1st overtime period - Eric Staal wins face-off versus Graham Knott in Barracuda zone.
3:11 of 1st overtime period - Shot by Rourke Chartier.
3:11 of 1st overtime period - Stopped by Ken Appleby with a rebound.
3:13 of 1st overtime period - Shot by Rourke Chartier.
3:13 of 1st overtime period - Shot Blocked by Scott Harrington.
3:55 of 1st overtime period - Shot by Trent Frederic.
3:55 of 1st overtime period - Shot Misses the Net.
Goals for this period are 0 for Barracuda vs 0 for Sound Tigers.
Shots for this period are 0 for Barracuda vs 5 for Sound Tigers.

ShootOut


5:00 of 1st overtime period - Round #1.
5:00 of 1st overtime period - Barracuda, Adam Cracknell .
5:00 of 1st overtime period - Stopped by Brandon Bussi.
5:00 of 1st overtime period - Sound Tigers, Joel Armia.
5:00 of 1st overtime period - Stopped by Ken Appleby.
5:00 of 1st overtime period - Round #2.
5:00 of 1st overtime period - Barracuda, Trent Frederic.
5:00 of 1st overtime period - Goal by Trent Frederic.
5:00 of 1st overtime period - Sound Tigers, Jesper Fasth.
5:00 of 1st overtime period - Stopped by Ken Appleby.
5:00 of 1st overtime period - Round #3.
5:00 of 1st overtime period - Barracuda, Brendan Warren.
5:00 of 1st overtime period - Goal by Brendan Warren.